 Dungeon Crawl Stone Soup version 0.28-a0-1555-g9ae15a6949 (webtiles) character file.

Game seed: 1453380498813124274

339 hashsling the Vexing (level 6, -7/32 HPs)
             Began as a Deep Elf Enchanter on Jan 18, 2022.
             Killed by divine providence
             ... invoked by an orc priest
              (11 damage)
             ... on level 7 of the Dungeon.
             The game lasted 00:14:31 (4307 turns).

hashsling the Vexing (Deep Elf Enchanter)           Turns: 4307, Time: 00:14:32

Health: -7/32      AC:  2    Str:  5    XL:     6   Next: 29%
Magic:  15/15      EV: 18    Int: 20    God:
Gold:   115        SH:  0    Dex: 17    Spells: 4/15 levels left

rFire   . . .      SeeInvis .   q - +1 dagger (venom)
rCold   . . .      Faith    .   (no shield)
rNeg    . . .      Spirit   .   b - +0 robe
rPois   .          Reflect  .   (no helmet)
rElec   .          Harm     .   (no cloak)
rCorr   .          Rampage  .   (no gloves)
Will    .....                   (no boots)
Stlth   +++.......              (no amulet)
HPRegen 0.10/turn               g - +4 ring of evasion
MPRegen 0.14/turn               (no ring)

@: no status effects
A: no striking features
a: no special abilities


You were on level 7 of the Dungeon.
You visited 1 branch of the dungeon, and saw 5 of its levels.

You collected 115 gold pieces.

Inventory:

Hand Weapons
 q - a +1 dagger of venom (weapon)
Missiles
 o - 27 arrows
Armour
 b - a +0 robe (worn)
Jewellery
 g - a +4 ring of evasion (left hand)
Scrolls
 a - a scroll of amnesia {unknown}
 d - 2 scrolls of identify {unknown}
 f - a scroll of magic mapping {unknown}
 h - a scroll of fog {unknown}
 j - a scroll of brand weapon {unknown}
 k - a scroll of immolation {unknown}
 m - a scroll of teleportation {unknown}
 n - a scroll of enchant armour {unknown}
Potions
 e - 2 potions of heal wounds {unknown}
 i - 2 potions of curing {unknown}
 l - a potion of flight {unknown}
 p - 2 potions of might {unknown}


   Skills:
 - Level 1.0 Short Blades
 + Level 4.5 Dodging
 + Level 5.5 Stealth
 + Level 5.0 Spellcasting
 + Level 5.8 Hexes


You had 4 spell levels left.
You knew the following spells:

 Your Spells              Type           Power      Damage    Failure   Level
a - Ensorcelled Hibernat  Hex/Ice        32%        N/A       5%          2
b - Confusing Touch       Hex            28%        N/A       3%          3
c - Tukima's Dance        Hex            28%        N/A       3%          3
d - Dazzling Flash        Conj/Hex       32%        N/A       11%         3

Your spell library contained the following spells:

 Spells                   Type           Power      Damage    Failure   Level


Dungeon Overview and Level Annotations

Branches:
Dungeon (4/15)
 Temple: D:4-7

Altars:

Annotations:
D:7 3 runed translucent doors


Message History

You flicker back into view.
The iguana bites you!
You barely miss the iguana.
The iguana is almost dead.
The necrophage closely misses you. The iguana bites you!
You hit the iguana but do no damage.
The iguana is poisoned.
The iguana is almost dead.
The necrophage hits you.
* * * LOW HITPOINT WARNING * * *
You feel drained.
* * * LOW HITPOINT WARNING * * *
You hit the iguana but do no damage.
The iguana looks as sick as possible!
The iguana is almost dead.
You kill the iguana!
The necrophage barely misses you.
Your life force feels restored.
Your Spellcasting skill increases to level 5!
A necrophage, a mummy and an orc wizard come into view.
The withered plant crumbles away.
An orc priest comes into view. It is wielding a +0 flail.
The orc wizard shouts!
You hear a shout!
An orc priest comes into view.
It is wielding a +0 short sword and wearing a +2 scale mail of cold resistance.
Found a stone staircase leading down.
The orc priest shouts!
The orc wizard gestures at you while chanting.
The puff of flame misses you.
The orc priest shouts!
The necrophage closely misses you.
Found a scroll labelled DELOSH PIHOI.
An orc comes into view. It is wielding a +0 mace.
Found a runed translucent gate.
You see here a scroll labelled DELOSH PIHOI.
Found a ring mail and a scroll labelled BINELL ULIROD.
The orc priest miscasts a cantrip.
A hound comes into view.
The water moccasin hisses angrily.
The adder hisses angrily.
You hear an angry hiss.
The orc priest mumbles some strange prayers to Beogh against you.
Beogh smites you!
You die...

####### ..... ..##...n..
.o... ...#.##### ...
..#.# ... ..#.# #.#
#.#.## #.# #.#..####
########.#####.#......
#....@n.n?..##.o....P.
#............o..##.PP...
.....###.###.o...#..MP..
...# #s#.#s###...#.##...
.. ..#.#.. ##..#.# ... h
s..+++..s #...>. ...
.S..#[#s.s.#..### ..
#SS..#?#.sss#..# #..#


You could see a water moccasin, a redback, 2 necrophages, a scorpion
(wandering), a hound (asleep), 2 orc priests and 2 adders.

Vanquished Creatures
  An iguana (D:7)
  Jessica (D:2)
  Natasha (twice) (D:3)
  2 adders
  2 worms
  3 orcs (D:3)
  A ball python (D:2)
  8 endoplasms
  A giant cockroach (D:1)
  5 goblins
  2 hobgoblins
  4 kobolds
  4 quokkas
  3 bats
  4 frilled lizards
  4 rats
47 creatures vanquished.

Vanquished Creatures (collateral kills)
  Sigmund (D:4)
1 creature vanquished.

Vanquished Creatures (others)
  3 fungi (D:3)
  3 plants (D:3)
  3 withered plants (D:7)
9 creatures vanquished.

Grand Total: 57 creatures vanquished

Notes
Turn   | Place    | Note
-------+----------+-------------------------------------------
     0 | D:1      | hashsling the Deep Elf Enchanter began the quest for the
                  | Orb.
     0 | D:1      | Reached XP level 1. HP: 10/10 MP: 6/6
   538 | D:1      | Reached XP level 2. HP: 15/15 MP: 8/8
  1181 | D:2      | Learned a level 2 spell: Ensorcelled Hibernation
  1614 | D:1      | Reached XP level 3. HP: 18/19 MP: 7/10
  2036 | D:2      | Noticed Jessica
  2043 | D:2      | Killed Jessica
  2044 | D:2      | Reached XP level 4. HP: 24/24 MP: 11/11
  2641 | D:3      | Learned a level 3 spell: Confusing Touch
  2645 | D:3      | Learned a level 3 spell: Tukima's Dance
  2649 | D:3      | Learned a level 3 spell: Dazzling Flash
  2773 | D:3      | Found a faded altar of an unknown god.
  3105 | D:3      | Noticed Natasha
  3119 | D:3      | Killed Natasha
  3120 | D:3      | Reached skill level 5 in Hexes
  3447 | D:3      | Noticed Natasha
  3529 | D:3      | Killed Natasha
  3530 | D:3      | Reached XP level 5. HP: 28/28 MP: 10/13
  3979 | D:4      | Noticed Sigmund
  3990 | D:4      | Killed Sigmund
  3991 | D:4      | Reached skill level 5 in Stealth
  3991 | D:4      | Reached XP level 6. HP: 29/32 MP: 8/15
  4273 | D:4      | You fall into a shaft and drop 3 floors!
  4273 | D:7      | Noticed an orc warrior
  4293 | D:7      | Reached skill level 5 in Spellcasting
  4303 | D:7      | Found a runed translucent gate.
  4303 | D:7      | Noticed a redback
  4304 | D:7      | Noticed a redback
  4305 | D:7      | Found a runed translucent gate.
  4305 | D:7      | Found a runed translucent gate.
  4305 | D:7      | Noticed a redback
  4306 | D:7      | Noticed a redback
  4306 | D:7      | Noticed a water moccasin
  4306 | D:7      | Noticed a water moccasin
  4307 | D:7      | Killed from afar by an orc priest

Illustrated notes

Levels and vault maps discovered:
D:1:      dpeg_arrival_houses_and_road, layout_rooms, kennysheep_minor_cross
D:2:      layout_loops_corners, uniq_jessica
D:3:      layout_loops_ring, dreamdust_ecumenical_altar_grove, minmay_quantized,
          uniq_natasha
D:4:      layout_basic, uniq_sigmund
D:7:      layout_basic, minmay_temple_entry_nine_rooms, enter_bailey_5,
          serial_undead, serial_undead_c, serial_undead_c, serial_undead_c,
          serial_undead_c, serial_undead_f, serial_undead_b, serial_undead_b,
          minmay_guarded_unrand_staff_of_olgreb

Skill      XL: |  1  2  3  4  5  6 |
---------------+-------------------+-----
Stealth        | 4 5 |  5.5
Dodging        | 3 4 |  4.5
Spellcasting   | 4 5 |  5.0
Hexes          | 5 |  5.8
Short Blades   | |  1.0

Action                   |  1- 3 |  4- 6 || total
-------------------------+-------+-------++-------
Melee: Dagger            |   101 |    63 ||   164
       Punch             |     2 |     1 ||     3
 Cast: Ensorcelled Hiber |     8 |     6 ||    14
       Confusing Touch   |       |     4 ||     4
       Tukima's Dance    |       |     1 ||     1
  Use: Potion            |       |     1 ||     1
 Stab: Sleeping          |    12 |     9 ||    21
       Confused          |       |     3 ||     3
       Invisible         |       |     1 ||     1
Armor: Robe              |    14 |     7 ||    21
Dodge: Dodged            |    71 |    44 ||   115

Table legend: (Time is in decaauts)
 A = Elapsed time spent in this place.
 B = Non-inter-level travel time spent in this place.
 C = Inter-level travel time spent in this place.
 D = Time resting spent in this place.
 E = Time spent auto-exploring this place.
 F = Levels seen in this place.
 G = Mean time per level.
                   A        B        C        D        E       F      G
               +--------+--------+--------+--------+--------+-----+--------+
         Total |   4299 |   4243 |     56 |     16 |   3200 |   5 |  859.8 |
       Dungeon |   4299 |   4243 |     56 |     16 |   3200 |   5 |  859.8 |
               +--------+--------+--------+--------+--------+-----+--------+

Top non-repeatable levels by time:
     D:2: 1625 daAuts
     D:3: 1333 daAuts
     D:1: 1005 daAuts
     D:4: 300 daAuts
     D:7: 33 daAuts
